 Dungeon Crawl Stone Soup version 0.28-a0-1312-g71652a0310 (webtiles) character file.

Game seed: 2746883070107581085

37147 oldriver the Convoker (level 13, -3/61 HPs)
             Began as a Felid Summoner on Dec 28, 2021.
             Slain by a broodmother (25 damage)
             ... on level 1 of the Spider Nest.
             The game lasted 01:45:47 (48107 turns).

oldriver the Convoker (Felid Summoner)             Turns: 48107, Time: 01:45:49

Health: -3/61      AC:  3    Str:  4    XL:     13   Next: 56%
Magic:  8/33       EV: 20    Int: 21    God:
Gold:   872        SH:  5    Dex: 25    Spells: 6/43 levels left
                                        Lives:  0   Deaths: 4

rFire   . . .      SeeInvis +   (weapon unavailable)
rCold   + + +      Faith    .   (shield unavailable)
rNeg    . . .      Spirit   .   (armour unavailable)
rPois   .          Reflect  +   (helmet unavailable)
rElec   .          Harm     .   (cloak unavailable)
rCorr   .          Rampage  .   (gloves unavailable)
Will    ++...                   (boots unavailable)
Stlth   +++.......              i - amulet of reflection
HPRegen 0.20/turn               q - ring of Makhleb's Regard {rC++ Will+ Dex+2}
MPRegen 0.23/turn               w - +6 ring of dexterity

@: slowed, slow
A: very small, claws 1, fangs 3, see invisible, speed 1, shaggy fur 3, stealthy
paws, no weapons or thrown items, no armour, multi-lived
a: no special abilities


You were on level 1 of the Spider Nest.
You visited 6 branches of the dungeon, and saw 26 of its levels.
You also visited: Ossuary and Gauntlet.

You collected 3220 gold pieces.
You spent 2348 gold pieces at shops.

Inventory:

Jewellery
 i - an amulet of reflection (around neck)
 j - a ring of flight
 q - the ring of Makhleb's Regard (left paw) {rC++ Will+ Dex+2}
   (You acquired it on level 6 of the Dungeon)

   [ring of willpower]

   Dex:       It affects your dexterity (+2).
   rC:        It greatly protects you from cold.
   Will:      It increases your willpower.
 w - a +6 ring of dexterity (right paw)
 E - a ring of fire
 J - a ring of fire
Wands
 o - a wand of flame (26)
 t - a wand of iceblast (13)
 B - a wand of polymorph (18)
 D - a wand of acid (5)
 F - a wand of paralysis (5)
 H - a wand of digging (5)
 K - a wand of mindburst (7)
 L - a wand of charming (4)
Scrolls
 a - 5 scrolls of teleportation
 c - a scroll of blinking
 f - 4 scrolls of vulnerability
 g - 6 scrolls of fear
 l - 6 scrolls of fog
 r - 7 scrolls of identify
 x - a scroll of amnesia
 y - a scroll of torment
 z - a scroll of silence
 I - a scroll of holy word {unknown}
Potions
 b - 4 potions of berserk rage
 d - 2 potions of magic
 e - 3 potions of cancellation
 h - 3 potions of might
 k - 3 potions of heal wounds
 m - 12 potions of curing
 n - 5 potions of haste
 p - 2 potions of mutation
 s - a potion of ambrosia
 u - 3 potions of attraction
 v - 2 potions of resistance
 A - 4 potions of lignification
 C - 3 potions of flight
 G - 3 potions of brilliance {unknown}


   Skills:
 * Level 9.8 Fighting
 + Level 3.9 Dodging
 + Level 4.9 Stealth
 + Level 0.1 Unarmed Combat
 * Level 15.6 Spellcasting
 + Level 10.7 Hexes
 + Level 17.9 Summonings
 + Level 0.4 Translocations
 + Level 1.5 Ice Magic
 + Level 5.1 Air Magic


You had 6 spell levels left.
You knew the following spells:

 Your Spells              Type           Power      Damage    Failure   Level
a - Summon Small Mammal   Summ           100%       N/A       0%          1
b - Call Imp              Summ           75%        N/A       0%          2
c - Call Canine Familiar  Summ           75%        N/A       0%          3
d - Summon Guardian Gole  Hex/Summ       67%        N/A       1%          3
e - Summon Lightning Spi  Summ/Air       59%        N/A       1%          4
f - Summon Mana Viper     Hex/Summ       67%        N/A       1%          5
g - Summon Ice Beast      Ice/Summ       55%        N/A       1%          4
h - Monstrous Menagerie   Summ           37%        N/A       1%          7
i - Summon Cactus Giant   Summ           37%        N/A       1%          6
j - Blink                 Tloc           36%        N/A       4%          2

Your spell library contained the following spells:

 Spells                   Type           Power      Damage    Failure   Level
 Slow                     Hex            100%       N/A       1%          1
 Confusing Touch          Hex            57%        N/A       1%          3
 Dazzling Flash           Conj/Hex       78%        N/A       1%          3
 Summon Forest            Summ/Tloc      26%        N/A       2%          5
 Beastly Appendage        Tmut           32%        N/A       3%          1
 Leda's Liquefaction      Hex/Erth       19%        N/A       4%          4
 Wereblood                Tmut           16%        N/A       5%          2
 Mephitic Cloud           Conj/Pois/Air  23%        N/A       5%          3
 Gell's Gravitas          Tloc           18%        N/A       9%          3
 Lesser Beckoning         Tloc           18%        N/A       9%          3
 Teleport Other           Tloc           18%        N/A       9%          3
 Ignite Poison            Fire/Tmut/Pois 16%        N/A       11%         3
 Spider Form              Tmut/Pois      16%        N/A       11%         3
 Vampiric Draining        Necr           16%        2d7       11%         3
 Hailstorm                Conj/Ice       19%        3d6       26%         4
 Ice Form                 Ice/Tmut       19%        N/A       26%         4
 Iskenderun's Mystic Bla  Conj/Tloc      17%        2d5       32%         4
 Freezing Cloud           Conj/Ice/Air   12%        6-21      38%         5
 Manifold Assault         Tloc           18%        N/A       63%         5
 Blade Hands              Tmut           8%         N/A       71%         5
 Fireball                 Conj/Fire      8%         3d6       71%         5
 Iskenderun's Battlesphe  Conj           16%        2d7       71%         5
 Conjure Ball Lightning   Conj/Air       13%        3x3d6     89%         6
 Dispersal                Tloc           9%         N/A       99%         6
 Iron Shot                Conj/Erth      8%         9d3       99%         6
 Simulacrum               Ice/Necr       9%         N/A       99%         6
 Starburst                Conj/Fire      8%         6d4       99%         6
 Orb of Destruction       Conj           8%         9d4       100%        7
 Disjunction              Tloc           9%         N/A       100%        8
 Portal Projectile        Hex/Tloc       Unusable   N/A       N/A         3
 Animate Armour           Summ/Erth      Unusable   N/A       N/A         4

Dungeon Overview and Level Annotations

Branches:
Dungeon (14/15)            Temple (1/1) D:6            Lair (6/6) D:8
  Snake (2/4) Lair:3       Spider (1/4) Lair:4        Slime (0/5) Lair:5
    Orc (2/2) D:9             Elf (0/3) Orc:2        Vaults (0/5) D:13
Ossuary (visited)         Gauntlet (visited)

Altars:
Ashenzari
Cheibriados
Dithmenos
Elyvilon
Fedhas
Gozag
Hepliaklqana
Kikubaaqudgha
Makhleb
Nemelex Xobeh
Okawaru
Qazlal
Ru
Sif Muna
Trog
Uskayaw
Vehumet
Wu Jian
Xom
Yredelemnul
Zin
The Shining One
Beogh

Shops:
D:8 *(*:*   D:9 (?   D:13 *   Orc:1 ?   Orc:2 ?:!*   Snake:1 :??(

Portals:
Trove: D:10 (give 8 scrolls of fog)

Annotations:
D:2 Sigmund
Lair:4 3 runed translucent doors, exclusion: oklob plant, Eqaz's ghost, journeyman MiHu


Innate Abilities, Weirdness & Mutations

You have sharp claws.
You have razor-sharp teeth.
You have supernaturally acute eyesight. (SInv)
You cover ground quickly. (Speed+)
Your thick and shaggy fur keeps you warm. (AC +3, rC+)
Your paws help you pounce on unaware monsters.
You are incapable of wielding weapons or throwing items.
You cannot wear armour.
You gain extra lives every three experience levels.


Message History

Gang up on whom?
Press: ? - help, Dir - move target, f - demonic crawler
Aim: a demonic crawler (heavily wounded, catching its breath) Attack!
Your manticore bites the demonic crawler.
Your manticore barely misses the demonic crawler.
Your manticore claws the demonic crawler.
The demonic crawler hits your manticore.
The demonic crawler hits your manticore!
Your manticore dies!
Your manticore's corpse disappears in a puff of smoke!
Being near the torpor snail leaves you feeling lethargic.
Found a flail.
You feel yourself speed up.
The demonic crawler shrieks in warning!
Being near the torpor snail leaves you feeling lethargic.
You hear an angry hiss.
You feel yourself speed up.
A steelbarb worm comes into view.
A jumping spider comes into view.
The demonic crawler shrieks in warning!
A wolf spider comes into view.
You hear an angry hiss. x5
The wolf spider hisses angrily.
A wolf spider comes into view.
You block the wolf spider's attack. x2
A redback, a torpor snail and a broodmother come into view.
The redback moves out of view.
A tarantella and a redback come into view.
Being near the torpor snail leaves you feeling lethargic.
The broodmother summons spiders A tarantella and a redback come into view.
The wolf spider hisses angrily.
The tarantella hisses angrily. x2
The wolf spider hits you! The wolf spider bites you!
Blink to where?
Press: ? - help, Dir - move target, p - demonic crawler
Found a falchion.
As you read the scroll of blinking, it crumbles to dust.
The redback completely misses you. The redback barely misses you.
The broodmother bites you!!
You die...

....^ .... . ... #.
#..## .^ ## #....
..##...) .
#...###s..... #.#
#...w..#.## ..#.
####ssss#s..^# ..s.
#..s.##s@...#
....######s#.s#..##.#
#..#...#.#.##?..#
####)sws.w.###<.###
......##...^###.§.#
.#.#...######.##.s# #
#...s....s.†w###
#.#.^s.....###
##..#..#..##


You could see a broodmother, a torpor snail, a wolf spider and 4 redbacks.

Vanquished Creatures (collateral kills)
  Josephine (D:12)
  Harold (D:10)
  3 vault guards (D:13)
  4 boulder beetles
  3 naga warriors (Snake:1)
  An ice dragon (Lair:6)
  3 centaur warriors (D:13)
  5 hydras
  2 anacondas (Snake:1)
  4 tengu warriors
  2 two-headed ogres
  3 orc high priests (Orc:2)
  3 shock serpents (Snake:1)
  3 naga sharpshooters (Snake:1)
  An orb spider (Spider:1)
  2 lindwurms (Lair:6)
  Pikel (D:5)
  6 orc knights
  An ugly thing (D:13)
  6 orc sorcerers
  3 cyclopes
  A mana viper (Snake:2)
  2 salamanders (Snake:1)
  A manticore (D:13)
  2 wolf spiders
  9 black mambas
  19 elephants
  Maurice (D:8)
  5 naga magi (Snake:1)
  10 cane toads
  5 torpor snails (Lair:6)
  2 unseen horrors (D:12)
  3 rime drakes
  8 komodo dragons
  2 tengu conjurers
  4 trolls
  3 tyrant leeches (Lair:6)
  5 hornets (Lair:6)
  Prince Ribbit (D:8)
  A polar bear (Lair:4)
  5 dream sheep (Lair:2)
  5 blink frogs (Lair:2)
  A slime creature (D:13)
  2 jumping spiders (Lair:4)
  3 vampires
  A shadow (D:11)
  4 wraiths
  3 basilisks
  58 yaks
  3 fire bats (Lair:3)
  3 wyverns
  A redback (Lair:4)
  5 vampire mosquitoes (Lair:3)
  2 wargs
  An acid dragon (D:12)
  16 water moccasins
  8 nagas (Snake:1)
  An ice beast (D:5)
  21 orc warriors
  4 black bears
  2 necrophages (D:6)
  6 centaurs
  2 ogres
  2 wolves (D:8)
  4 lemures (D:5)
  2 phantoms
  A nameless horror (Orc:2)
  11 bullfrogs
  3 gnoll sergeants (D:8)
  3 scorpions
  A wyvern skeleton (D:5)
  3 killer bees (D:9)
  A water moccasin skeleton (D:6)
  2 wights (D:8)
  2 howler monkeys
  4 electric eels
  5 centaur zombies
  4 hounds (D:8)
  A jelly (Lair:5)
  2 bullfrog zombies
  A bullfrog skeleton (D:3)
  A centaur skeleton (D:7)
  4 gnoll shamans
  26 orc priests
  An iguana (D:5)
  33 orc wizards
  5 hell rats (Lair:5)
  A hound skeleton (D:4)
  A howler monkey zombie (D:10)
  3 mummies (Ossuary)
  Robin (D:4)
  60 gnolls
  3 adders
  An adder skeleton (D:5)
  2 worms
  2 dart slugs
  67 orcs
  8 endoplasms
  3 giant cockroaches
  A gnoll zombie (Ossuary)
  14 goblins
  19 hobgoblins
  13 jackals
  6 kobolds
  4 quokkas
  8 ball pythons
  6 bats
  4 frilled lizards
  A goblin zombie (Ossuary)
  2 hobgoblin zombies (Ossuary)
  A kobold zombie (Ossuary)
  An orc zombie (Ossuary)
  8 rats
661 creatures vanquished.

Vanquished Creatures (others)
  Frances (D:12)
  A vault guard (D:13)
  A two-headed ogre (D:11)
  A shock serpent (Snake:1)
  A lindwurm (Lair:6)
  A cyclops (D:11)
  2 manticores
  A salamander (Snake:1)
  2 black mambas
  2 cane toads
  A komodo dragon (Lair:2)
  2 hornets (Lair:6)
  2 wraiths (D:12)
  2 yaks (D:7)
  2 nagas (Snake:1)
  A water moccasin (Lair:6)
  An acid dragon (D:8)
  3 orc warriors
  An ogre (D:7)
  A centaur (D:13)
  2 gnoll sergeants
  2 killer bees (D:9)
  A wight (D:8)
  A gnoll shaman (D:8)
  3 orc wizards
  3 gnolls
  2 orcs
  80 fungi
  93 plants
216 creatures vanquished.

Grand Total: 877 creatures vanquished

Notes
Turn   | Place    | Note
-------+----------+-------------------------------------------
     0 | D:1      | oldriver the Felid Summoner began the quest for the Orb.
     0 | D:1      | Reached XP level 1. HP: 7/7 MP: 4/4
   238 | D:1      | Reached XP level 2. HP: 11/11 MP: 1/6
  1164 | D:1      | Reached XP level 3. HP: 14/14 MP: 3/7
  1500 | D:1      | Found a faded altar of an unknown god.
  1577 | D:2      | Learned a level 2 spell: Call Imp
  1945 | D:2      | Noticed Sigmund
  2521 | D:2      | Reached skill level 5 in Summonings
  2890 | D:1      | Learned a level 3 spell: Call Canine Familiar
  4419 | D:3      | Reached XP level 4. HP: 18/18 MP: 4/9
  5710 | D:3      | Reached XP level 5. HP: 21/21 MP: 6/10
  6019 | D:3      | Identified the +1 ring mail "Hivy" {*Slow Int+6 Dex+6}
  6657 | D:4      | Reached skill level 6 in Summonings
  6756 | D:4      | Reached skill level 1 in Fighting
  6767 | D:4      | Gained mutation: You are covered in thick fur. (AC +2)
                  | [Felid growth]
  6767 | D:4      | Reached XP level 6. HP: 25/25 MP: 2/12
  6859 | D:4      | Found a sand-covered staircase.
  6865 | Ossuary  | Entered an ossuary
  7840 | D:4      | Noticed Robin
  7878 | D:4      | Killed Robin
  8171 | D:4      | Reached XP level 7. HP: 29/29 MP: 8/14
  8498 | D:5      | Entered Level 5 of the Dungeon
  8759 | D:5      | Learned a level 3 spell: Summon Guardian Golem
  8952 | D:5      | Reached skill level 7 in Summonings
  9120 | D:5      | Noticed Pikel
  9405 | D:5      | Reached skill level 1 in Hexes
  9693 | D:5      | Reached skill level 5 in Spellcasting
  9981 | D:5      | Noticed a yak
  9992 | D:5      | Noticed a yak
  9994 | D:5      | Noticed a yak
  9996 | D:5      | Noticed a yak
 10023 | D:5      | Killed a yak
 10287 | D:5      | Reached skill level 8 in Summonings
 10287 | D:5      | Reached XP level 8. HP: 33/33 MP: 8/16
 10606 | D:5      | Found a hazy altar of Hepliaklqana.
 10606 | D:5      | Found an opulent altar of Gozag.
 10608 | D:5      | Found a broken altar of Ashenzari.
 11236 | D:5      | Reached skill level 9 in Summonings
 11745 | D:5      | Killed Pikel
 11746 | D:5      | Reached XP level 9. HP: 38/38 MP: 14/19
 11949 | D:6      | Found a staircase to the Ecumenical Temple.
 12007 | D:6      | Learned a level 4 spell: Summon Lightning Spire
 12512 | D:6      | Reached skill level 1 in Air Magic
 13022 | D:6      | Reached skill level 10 in Summonings
 13062 | D:6      | Identified a scroll of acquirement
 13062 | D:6      | Acquired the ring of Makhleb's Regard {rC++ Will+ Dex+2}
 13115 | Temple   | Entered the Ecumenical Temple
 14927 | D:8      | Noticed a two-headed ogre
 14954 | D:8      | Noticed Maurice
 15256 | D:8      | Found Vuinumoc's Book Boutique.
 15477 | D:8      | Found Eddeng's Assorted Antiques.
 15491 | D:8      | Reached skill level 11 in Summonings
 15491 | D:8      | Reached XP level 10. HP: 37/43 MP: 15/21
 15533 | D:8      | Noticed Prince Ribbit
 15553 | D:8      | Killed Prince Ribbit
 15554 | D:8      | Reached skill level 5 in Hexes
 15872 | D:8      | Killed a two-headed ogre
 15909 | D:8      | Killed Maurice
 15910 | D:8      | Reached skill level 5 in Fighting
 16038 | D:8      | Bought an inky potion for 17 gold pieces
 16038 | D:8      | Bought a fizzy ruby potion for 17 gold pieces
 16038 | D:8      | Bought a scroll labelled LIF TASITACKY for 19 gold pieces
 16506 | D:8      | Found a staircase to the Lair.
 16563 | D:8      | Found Figg's General Store.
 16639 | D:8      | Reached skill level 12 in Summonings
 16886 | D:8      | Found Adeavoxi's Assorted Antiques.
 17779 | D:8      | Found Wenezur's Antique Weapon Shop.
 18301 | Lair:1   | Entered Level 1 of the Lair of Beasts
 18426 | Lair:1   | Noticed a cane toad
 18431 | Lair:1   | Killed a cane toad
 18512 | Lair:1   | Reached XP level 11. HP: 48/48 MP: 11/24
 18863 | Lair:1   | Reached skill level 13 in Summonings
 20766 | Lair:2   | Acquired a book of Beasts
 20774 | Lair:2   | Learned a level 5 spell: Summon Mana Viper
 21088 | Lair:3   | Found a gate leading to a gauntlet.
 21099 | Gauntlet | Entered a Gauntlet
 21099 | Gauntlet | Found a large runed translucent door.
 21099 | Gauntlet | Found a large runed translucent door.
 21099 | Gauntlet | Found a large runed translucent door.
 21099 | Gauntlet | Found a large runed translucent door.
 21099 | Gauntlet | Found a large runed translucent door.
 21099 | Gauntlet | Found a large runed translucent door.
 21099 | Gauntlet | Found a large runed translucent door.
 21099 | Gauntlet | Found a large runed translucent door.
 21099 | Gauntlet | Found a runed translucent door.
 21099 | Gauntlet | Found a runed translucent gate.
 21099 | Gauntlet | Found a transporter.
 21099 | Gauntlet | Found a transporter.
 21099 | Gauntlet | Found a runed translucent gate.
 21099 | Gauntlet | Found a transporter.
 21099 | Gauntlet | Found a transporter.
 21103 | Gauntlet | Found a transporter.
 21104 | Gauntlet | Found a runed translucent gate.
 21104 | Gauntlet | Found a runed translucent door.
 21108 | Gauntlet | Found a large runed translucent door.
 21108 | Gauntlet | Found a large runed translucent door.
 21109 | Gauntlet | Found a large runed translucent door.
 21110 | Gauntlet | Found a large runed translucent door.
 21114 | Gauntlet | Found a transporter.
 21119 | Gauntlet | Found a large runed translucent door.
 21119 | Gauntlet | Found a large runed translucent door.
 21120 | Gauntlet | Found a transporter.
 21122 | Gauntlet | Found a transporter.
 21130 | Gauntlet | Noticed a hell beast
 21141 | Gauntlet | Found a transporter.
 21142 | Gauntlet | Found a transporter.
 21196 | Gauntlet | Found a large runed translucent door.
 21196 | Gauntlet | Found a large runed translucent door.
 21212 | Gauntlet | Found a transporter.
 21237 | Gauntlet | Found a transporter.
 21339 | Lair:3   | Found a staircase to the Snake Pit.
 21405 | Lair:3   | Slain by a vampire mosquito
 21406 | Lair:3   | Reached XP level 10. HP: -2/46 MP: 11/24
 21551 | Lair:3   | Reached XP level 11. HP: 49/49 MP: 13/25
 22085 | Lair:3   | Identified the +3 long sword "Romeaw" {spect, rElec rC-
                  | rN++}
 22271 | Lair:3   | Reached skill level 14 in Summonings
 22424 | Lair:3   | Learned a level 4 spell: Summon Ice Beast
 22736 | Lair:4   | Found a blossoming altar of Fedhas.
 22757 | Lair:4   | Noticed an oklob plant
 22982 | Lair:4   | Noticed a seven-headed hydra
 23187 | Lair:4   | Killed a seven-headed hydra
 23479 | Lair:4   | Found a runed translucent gate.
 23480 | Lair:4   | Found a runed translucent gate.
 23480 | Lair:4   | Found a runed translucent gate.
 23745 | Lair:4   | Found a hole to the Spider Nest.
 23754 | Lair:4   | Reached skill level 10 in Spellcasting
 23852 | Lair:4   | Noticed a wolf spider
 23880 | Lair:4   | Killed a wolf spider
 24627 | Lair:4   | Noticed Eqaz's ghost (journeyman MiHu)
 24636 | Lair:4   | Learned a level 7 spell: Monstrous Menagerie
 24965 | Lair:5   | Reached skill level 1 in Ice Magic
 25116 | Lair:5   | Gained mutation: Your thick and shaggy fur keeps you warm.
                  | (AC +3, rC+) [Felid growth]
 25116 | Lair:5   | Reached XP level 12. HP: 38/54 MP: 11/27
 25227 | Lair:5   | Found a staircase to the Slime Pits.
 25475 | Lair:5   | Reached skill level 15 in Summonings
 26411 | Lair:6   | Entered Level 6 of the Lair of Beasts
 26727 | Lair:6   | Noticed a four-headed hydra
 26727 | Lair:6   | Noticed a seven-headed hydra
 26814 | D:9      | Found Hich's Magic Scroll Shop.
 26814 | D:9      | Found Ytul's Weapon Shoppe.
 27918 | D:9      | Found a staircase to the Orcish Mines.
 28185 | D:9      | Found a snail-covered altar of Cheibriados.
 28286 | D:10     | Entered Level 10 of the Dungeon
 28434 | D:10     | Noticed Harold
 28769 | D:10     | HP: 2/55 [centaur/arrow (3)]
 28770 | D:10     | Shot with an arrow by a centaur
 28771 | D:10     | Reached XP level 11. HP: -1/51 MP: 20/27
 28887 | D:10     | Killed Harold
 28984 | D:10     | Found a portal to a secret trove of treasure.
 29119 | D:11     | Noticed a two-headed ogre
 29119 | D:11     | Noticed a boulder beetle
 29160 | Orc:1    | Entered Level 1 of the Orcish Mines
 29693 | Orc:1    | Noticed an orc knight
 29701 | Orc:1    | Killed an orc knight
 29704 | Orc:1    | Noticed an orc sorcerer
 30537 | D:11     | Killed a two-headed ogre
 30715 | D:9      | Bought a scroll of fog for 30 gold pieces
 30872 | D:11     | Killed a boulder beetle
 30873 | D:11     | Reached XP level 12. HP: 55/55 MP: 14/28
 30991 | D:11     | Noticed a seven-headed hydra
 32306 | D:12     | Noticed Frances
 32306 | D:12     | Noticed Josephine
 32320 | D:12     | Killed Josephine
 32327 | D:12     | Killed Frances
 33432 | Lair:5   | Reached skill level 16 in Summonings
 33660 | Lair:6   | Killed a four-headed hydra
 33858 | Lair:6   | Killed a seven-headed hydra
 34001 | Lair:6   | Reached XP level 13. HP: 53/59 MP: 7/30
 34569 | Lair:6   | Found a runed translucent door.
 34925 | Lair:6   | Reached skill level 10 in Hexes
 36349 | D:8      | Bought a book of the Wilderness for 608 gold pieces
 36360 | D:8      | Learned a level 6 spell: Summon Cactus Giant
 36952 | Orc:1    | Found Qirphyiha's Magic Scroll Boutique.
 37213 | Orc:1    | Bought a scroll of teleportation for 33 gold pieces
 37344 | Orc:2    | Entered Level 2 of the Orcish Mines
 37377 | Orc:2    | Found a staircase to the Elven Halls.
 38486 | Orc:2    | Reached skill level 5 in Air Magic
 38788 | Orc:2    | Found Xaaxt's Assorted Antiques.
 39157 | Orc:2    | Reached skill level 17 in Summonings
 40353 | Orc:2    | Reached XP level 14. HP: 64/64 MP: 6/33
 40508 | Orc:2    | Found Vaubler's Magic Scroll Shoppe.
 40531 | Orc:2    | Found Ykilylohy's Book Boutique.
 40536 | Orc:2    | Found Laokkyoh's Distillery.
 40538 | Orc:2    | Bought a scroll labelled SAFFOCUNIH for 38 gold pieces
 40562 | Orc:2    | Bought a scroll of blinking for 120 gold pieces
 40675 | D:8      | Bought a book of Spatial Translocations for 416 gold pieces
 40681 | D:8      | Learned a level 2 spell: Blink
 40743 | Snake:1  | Entered Level 1 of the Snake Pit
 41040 | Snake:1  | Found Hatteigi's Magic Scroll Shop.
 41059 | Snake:1  | Found Aqefiadi's Antique Weapon Shop.
 41059 | Snake:1  | Found Byquw's Book Boutique.
 41146 | Snake:1  | Bought a scroll of acquirement for 936 gold pieces
 41146 | Snake:1  | Acquired 786 gold pieces
 41148 | Snake:1  | Found Hideeve's Magic Scroll Boutique.
 41154 | Snake:1  | Bought a scroll of teleportation for 36 gold pieces
 41154 | Snake:1  | Bought a scroll of fear for 42 gold pieces
 41154 | Snake:1  | Bought a scroll of teleportation for 36 gold pieces
 41534 | Snake:1  | Killed from afar by a shock serpent
 41535 | Snake:1  | Reached XP level 13. HP: -4/60 MP: 19/32
 41557 | Snake:1  | HP: 2/60 [shock serpent/bolt of electricity (8)]
 41954 | Snake:1  | HP: 3/60 [naga sharpshooter/arrow (24)]
 43386 | Snake:1  | Found the +7 sceptre of Torment {pain, torment}
 43416 | Snake:1  | Killed from afar by a shock serpent
 43417 | Snake:1  | Reached XP level 12. HP: -4/57 MP: 19/31
 43510 | Snake:1  | Noticed an anaconda
 43516 | Snake:1  | Killed an anaconda
 44989 | D:13     | Noticed a boulder beetle
 45005 | D:13     | Killed a boulder beetle
 45006 | D:13     | Reached skill level 15 in Spellcasting
 45157 | D:13     | Found a gate to the Vaults.
 45157 | D:13     | Noticed a tengu warrior
 45157 | D:13     | Noticed a vault guard
 45157 | D:13     | Noticed a centaur warrior
 45157 | D:13     | Noticed a vault guard
 45157 | D:13     | Noticed a vault guard
 45157 | D:13     | Noticed a vault guard
 45157 | D:13     | Noticed a boulder beetle
 45157 | D:13     | Noticed a boulder beetle
 45157 | D:13     | Noticed a four-headed hydra
 45169 | D:13     | Killed a vault guard
 45169 | D:13     | Killed a vault guard
 45170 | D:13     | Reached XP level 13. HP: 60/60 MP: 8/33
 46284 | D:13     | Identified the +10 rapier of the Tiger {freeze, rElec Will+
                  | Int-5 Stlth+}
 46821 | D:13     | Found Qeninyl's General Store.
 48075 | Spider:1 | Entered Level 1 of the Spider Nest
 48104 | Spider:1 | Noticed a broodmother
 48107 | Spider:1 | Slain by a broodmother

Illustrated notes

Levels and vault maps discovered:
D:1:      dpeg_arrival_long_road, layout_loops_ring,
          shapermc_ecumenical_altar_petra
D:2:      minmay_evil_eye, layout_loops_ring, uniq_sigmund
D:3:      minmay_octagon_keep, layout_rooms, serial_co_window_serial,
          co_window_of_opportunity_a, co_window_paths_a, co_window_corner_a,
          co_window_corner_a, co_window_corner_a, co_window_corner_ca,
          co_window_2corner, co_window_corner_b, co_window_paths_c,
          co_window_2corner, co_window_sun, glass_columns_a, glass_columns_a
D:4:      layout_basic, lightli_ossuary_entry_decrepit_ruins, uniq_robin
D:5:      layout_basic, gammafunk_temple_overflow_claw, lightli_minifort,
          uniq_pikel
D:6:      layout_gridville, temple_doors_ab
D:7:      layout_loops_ring
D:8:      layout_cave_pools, due_lair_maze_entry_diamond, serial_gnoll_camp,
          gnoll_camp_mini_doghouse, gnoll_camp_mini_shop, gnoll_camp_huts_moat,
          gnoll_camp_medium_02, serial_shops, shop, nicolae_lakefront_shop,
          nicolae_shop_crystal, nicolae_square_shop, uniq_prince_ribbit1,
          uniq_maurice
D:9:      layout_basic, amcnicky_altar_gilded, david_orc_2, serial_shops,
          nicolae_shop_bloodbath_and_beyond, shop
D:10:     layout_rooms, nicolae_trove_entry_diagonal, uniq_harold
D:11:     layout_basic, serial_rivers, chequers_serial_rivers_micro_b,
          chequers_serial_rivers_room_a, chequers_serial_rivers_micro_d,
          chequers_serial_rivers_room_a, chequers_serial_rivers_small_3,
          minmay_misc_feat_five
D:12:     layout_loops_ring, uniq_frances, uniq_josephine
D:13:     layout_basic, lightli_vaults_fourway_checkpoint, serial_shops,
          nicolae_shop_window_shopping
D:14:     layout_cave_pools, corexii_leaking_fountain
Temple:   mainiacjoe_temple_coin_purse
Lair:1:   layout_hall_layers, beast_lair_carwin_10, infiniplex_staircase_pool_2
Lair:2:   layout_regular_city, infiniplex_staircase_pool
Lair:3:   layout_cave_shapes, dummy_snake_entry, gauntlet_entry_generic,
          nicolae_volcano_entry_batcave, nicolae_lair_lil_pond, pond,
          serial_bayou_shore_a
Lair:4:   layout_loops_ring, spider_nest_entry_funnel_web,
          ebering_ghost_rock_garden, tgw_fedhas
Lair:5:   layout_cave_pods, nicolae_slime_entry_slimehenge
Lair:6:   wormcave, layout_gridlike, lemuel_another_geyser
Snake:1:  layout_chambers, minmay_shoptagon, grunt_megastairs_1
Snake:2:  layout_grid_shapes
Spider:1: layout_spider_delve, hangedman_spider_tarantella_strand
Orc:1:    layout_caves, serial_shops, nicolae_shop_crystal
Orc:2:    st_orc_elflike, layout_caves, basic_altar

Skill      XL: |  1  2  3  4  5  6  7  8  9 10 11 12 13 |
---------------+----------------------------------------+-----
Summonings     | 5 6 8 9 11 12 14 16 17 | 17.9
Spellcasting   | 3 4 5 6 7 8 10 15 14 | 15.6
Fighting       | 1 2 3 4 5 8 9 |  9.8
Stealth        | 3 4 |  4.9
Hexes          | 1 4 6 9 10 | 10.7
Air Magic      | 2 4 5 |  5.1
Dodging        | 3 |  3.9
Ice Magic      | 1 |  1.5
Unarmed Combat | |  0.1
Translocations | |  0.4

Action                   |  1- 3 |  4- 6 |  7- 9 | 10-12 | 13-15 || total
-------------------------+-------+-------+-------+-------+-------++-------
Melee: Unarmed           |    12 |       |     3 |       |     5 ||    20
       Bite              |       |       |       |       |     3 ||     3
 Cast: Summon Small Mamm |   107 |    66 |    58 |    32 |     2 ||   265
       Call Imp          |    21 |    37 |    39 |    22 |       ||   119
       Call Canine Famil |       |    21 |    60 |    73 |     8 ||   162
       Summon Guardian G |       |       |    40 |    85 |    13 ||   138
       Summon Lightning  |       |       |     1 |   127 |    25 ||   153
       Summon Mana Viper |       |       |       |   122 |    70 ||   192
       Summon Ice Beast  |       |       |       |    29 |    10 ||    39
       Monstrous Menager |       |       |       |    17 |    91 ||   108
       Summon Cactus Gia |       |       |       |     4 |    52 ||    56
       Blink             |       |       |       |       |     1 ||     1
  Use: Scroll            |       |     2 |    15 |    11 |     4 ||    32
       Potion            |       |       |       |     1 |     2 ||     3
Armor: Skin              |     1 |     5 |     3 |     9 |     4 ||    22
Dodge: Dodged            |    12 |    23 |    22 |   136 |    52 ||   245
Block: Other             |       |     3 |     9 |    33 |    23 ||    68
       Reflection        |       |     1 |       |     5 |     4 ||    10

Table legend: (Time is in decaauts)
 A = Elapsed time spent in this place.
 B = Non-inter-level travel time spent in this place.
 C = Inter-level travel time spent in this place.
 D = Time resting spent in this place.
 E = Time spent auto-exploring this place.
 F = Levels seen in this place.
 G = Mean time per level.
                   A        B        C        D        E       F      G
               +--------+--------+--------+--------+--------+-----+--------+
         Total |  43804 |  41662 |   2142 |  11098 |  22173 |  28 | 1564.4 |
       Dungeon |  24220 |  22760 |   1460 |   5476 |  12287 |  14 | 1730.0 |
        Temple |     90 |     90 |      0 |      0 |     68 |   1 |   90.0 |
          Lair |  10990 |  10498 |    492 |   3059 |   5736 |   6 | 1831.7 |
     Snake Pit |   3421 |   3328 |     93 |    815 |   1971 |   2 | 1710.5 |
   Spider Nest |     30 |     30 |      0 |      0 |      0 |   1 |   30.0 |
  Orcish Mines |   4214 |   4118 |     96 |   1545 |   1705 |   2 | 2107.0 |
       Ossuary |    658 |    658 |      0 |    202 |    284 |   1 |  658.0 |
      Gauntlet |    177 |    177 |      0 |      0 |    117 |   1 |  177.0 |
               +--------+--------+--------+--------+--------+-----+--------+

Top non-repeatable levels by time:
 Snake:1: 3363 daAuts
     D:8: 2833 daAuts
  Lair:6: 2546 daAuts
     D:5: 2431 daAuts
   Orc:2: 2421 daAuts
     D:3: 2220 daAuts
  Lair:5: 2095 daAuts
    D:13: 2095 daAuts
  Lair:4: 2075 daAuts
     D:7: 1948 daAuts
     D:1: 1947 daAuts
     D:9: 1804 daAuts
   Orc:1: 1792 daAuts
     D:2: 1778 daAuts
    D:12: 1725 daAuts
